 Dungeon Crawl Stone Soup version 0.19-a0-1498-g0b85ae9 (console) character file.

66 vible the Charmwright (level 3, 0/24 HPs)
             Began as a High Elf Skald on Sept 10, 2016.
             Was a Believer of Zin.
             Slain by Grinder (4 damage)
             ... on level 3 of the Dungeon.
             The game lasted 00:08:57 (2393 turns).

vible the Charmwright (High Elf Skald)              Turns: 2393, Time: 00:08:57

Health: 0/24       AC:  4    Str: 11    XL:     3   Next: 96%
Magic:  5/8        EV: 11    Int: 16    God:    Zin [**....]
Gold:   180        SH:  0    Dex: 15    Spells: 3 memorised, 2 levels left

rFire  . . .     SeeInvis .     a - +0 falchion
rCold  . . .     Gourm    .     b - +0 leather armour
rNeg   . . .     Faith    .     (no shield)
rPois  .         Spirit   .     (no helmet)
rElec  .         Dismiss  .     (no cloak)
rCorr  .         Reflect  .     j - +0 pair of gloves
MR     .....     Harm     .     (no boots)
Stlth  +.........               (no amulet)
                                (no ring)
                                (no ring)

@: no status effects
A: no striking features
a: Recite, Vitalisation, Donate Gold, Renounce Religion


You were on level 3 of the Dungeon.
You worshipped Zin.
Zin was pleased with you.
You were hungry.

You visited 1 branch of the dungeon, and saw 3 of its levels.

You collected 200 gold pieces.
You donated 20 gold pieces to Zin.


   Skills:
 - Level 2.0 Fighting
 * Level 3.7 Long Blades
 - Level 0.8 Armour
 - Level 1.1 Dodging
 + Level 3.3 Spellcasting
 + Level 0.2 Hexes
 + Level 4.3 Charms


You had 2 spell levels left.
You knew the following spells:

 Your Spells              Type           Power        Failure   Level  Hunger
o - Infusion              Chrm           ###.         4%          1    None
u - Shroud of Golubria    Chrm/Tloc      #.........   14%         2    ##.....
w - Spectral Weapon       Hex/Chrm       #.......     30%         3    ###....

Inventory:

Hand Weapons
 a - a +0 falchion (weapon)
Missiles
 h - 65 stones (quivered)
Armour
 b - a +0 leather armour (worn)
 f - a cursed +0 ring mail
 j - a +0 pair of gloves (worn)
Wands
 g - a wand of random effects (23/48)
Scrolls
 k - a scroll of recharging {unknown}
 n - a scroll of enchant weapon {unknown}
 o - a scroll of teleportation {unknown}
Potions
 e - a potion of flight {unknown}
 i - a potion of might
 l - a potion of curing {unknown}
 m - 2 potions of heal wounds {@q2}
Books
 c - a book of Battle

   Spells                             Type                      Level
   a - Infusion                       Charms                       1
   b - Shroud of Golubria             Charms/Translocation         2
   c - Song of Slaying                Charms                       2
   d - Spectral Weapon                Hexes/Charms                 3
   e - Regeneration                   Charms/Necromancy            3
Comestibles
 d - 3 bread rations {@e1}

.........##.###.##########
..#####.###.....(..5....ยง.
#.# #.###.########## #.#
#.# #.# ..###.###.#
####...##.######
#.####............#
........{...###.#.#
...###.5@..## #.#.#
..........#####.#.#
...####...........#
#.#####.#######.###
#........# ###.# #######..#
#...# #..####.##########
#...).....:.....(.
###.#####.##########


You could see Grinder and a friendly spectral falchion.


Message History

HP restored.
You see here a poisoned needle.
You see here a poisoned needle.
Grinder comes into view.
Grinder shouts!
Grinder blinks!
You see here a poisoned needle.
Grinder gestures at you. You resist with significant effort.
You start waiting.
Casting: Spectral Weapon
Confirm with . or Enter, or press ? or * to list all spells.
You draw out your weapon's spirit!
You are feeling hungry.
Grinder blinks!
You swap places.
Grinder blinks!
Grinder blinks!
You hit Grinder but do no damage.
Your spectral weapon barely misses Grinder.
Grinder hits you.
You writhe in agony.
Grinder hits you.
You writhe in agony.
You completely miss Grinder.
Your spectral weapon barely misses Grinder.
Grinder barely misses you.
You riposte.
You closely miss Grinder. You barely miss Grinder.
Your spectral weapon barely misses Grinder.
Grinder hits you!
* * * LOW HITPOINT WARNING * * *
You writhe in agony.
You die...

Action                   || total
-------------------------++-------
Melee: Falchion          ||   119
 Cast: Infusion          ||     3
       Shroud of Golubri ||     2
       Spectral Weapon   ||     6
  Use: Scroll            ||     5
 Stab: Sleeping          ||     1
  Eat: Chunk             ||     5
Armor: Leather armour    ||    20
Dodge: Dodged            ||    65

Vault maps used:
D:1:      grunt_arrival_lava_bath
D:2:      grunt_temple_overflow_open
D:3:      first_bread, minmay_checkerbox, uniq_robin, uniq_grinder

Notes
Turn   | Place    | Note
-------+----------+-------------------------------------------
     0 | D:1      | vible the High Elf Skald began the quest for the Orb.
     0 | D:1      | Reached XP level 1. HP: 14/14 MP: 4/4
   265 | D:1      | Reached XP level 2. HP: 19/19 MP: 6/6
   565 | D:2      | Reached skill level 3 in Long Blades
   664 | D:2      | Learned a level 2 spell: Shroud of Golubria
   881 | D:2      | Reached XP level 3. HP: 23/24 MP: 8/8
  1075 | D:2      | Found a glowing silver altar of Zin.
  1081 | D:2      | Found an iron altar of Okawaru.
  1083 | D:2      | Found a sacrificial altar of Ru.
  1112 | D:2      | Became a worshipper of Zin the Law-Giver
  1112 | D:2      | Reached * piety under Zin
  1135 | D:2      | Reached skill level 4 in Charms
  1459 | D:1      | Learned a level 3 spell: Spectral Weapon
  1474 | D:2      | Reached skill level 3 in Spellcasting
  1720 | D:3      | Reached ** piety under Zin
  2374 | D:3      | Noticed Grinder
  2393 | D:3      | Slain by Grinder

Vanquished Creatures
  2 adders
  2 worms
  2 dart slugs
  3 giant geckos
  An orc (D:3)
  A ball python (D:2)
  2 giant cockroaches
  4 goblins
  3 hobgoblins
  3 bats
  4 giant newts
  5 kobolds
  3 rats
35 creatures vanquished.
